 Dungeon Crawl Stone Soup version 0.28-a0-1143-gcf6077d4cc (webtiles) character file.

Game seed: 17053203456851881574

9 spaghetti the Sneak (level 2, -5/26 HPs)
             Began as a Ghoul Delver on Dec 14, 2021.
             Slain by a wyvern skeleton (8 damage)
             ... on level 6 of the Dungeon.
             The game lasted 00:00:19 (126 turns).

spaghetti the Sneak (Ghoul Delver)                   Turns: 126, Time: 00:00:19

Health: -5/26      AC:  3    Str: 15    XL:     2   Next: 12%
Magic:  1/1        EV: 11    Int:  5    God:
Gold:   18         SH:  0    Dex: 10    Spells: 1/1 levels left

rFire   . . .      SeeInvis .     - Unarmed
rCold   + . .      Faith    .   (no shield)
rNeg    + + +      Spirit   .   a - +0 leather armour
rPois   ∞          Reflect  .   (no helmet)
rElec   .          Harm     .   (no cloak)
rCorr   .          Rampage  .   (no gloves)
Will    .....                   (no boots)
Stlth   +++.......              (no amulet)
HPRegen 0.00/turn               (no ring)
MPRegen 0.07/turn               (no ring)

@: inhibited regen
A: claws 1, cold resistance 1, negative energy resistance 3, inhibited
regeneration, torment resistance 2
a: no special abilities


You were on level 6 of the Dungeon.
You visited 1 branch of the dungeon, and saw 2 of its levels.

You collected 18 gold pieces.


Innate Abilities, Weirdness & Mutations

You thrive by killing the living.
You are immune to poison.
You have sharp fingernails.
Your flesh is cold resistant. (rC+)
You are immune to negative energy. (rN+++)
You do not regenerate when monsters are visible.
You are immune to unholy pain and torment.


   Skills:
 - Level 3.2 Fighting
 - Level 1.7 Dodging
 + Level 6.0 Stealth
 - Level 2.1 Unarmed Combat


You had one spell level left.
You didn't know any spells.
Your spell library was empty.

Inventory:

Armour
 a - a +0 leather armour (worn)
Wands
 f - a wand of digging (3)
Scrolls
 b - a scroll of fog
Potions
 e - a potion of haste {@q3}

Dungeon Overview and Level Annotations

Branches:
Dungeon (6/15)
 Temple: D:4-7

Altars:

#...........?.
#......5....##
#............#
.#..........#
...........#
#......###.##
#.###.......#
#. #Z####..#
#.# #@#####..
#.###........
#.##..#..###.
#.......##
#.##..###
##.....#
#...#..#
#####...#..#
#.....#.#..####


You could see a white imp (fleeing) and a wyvern skeleton.


Message History

🤖 Initializing magus.rc ...
Options error: Delay interrupt name "hungry" not recognised. (~/.crawlrc:4771) ✅ Successfully initialized magus.rc [v1.9.6] Welcome, spaghetti the Ghoul Delver.
The breathtaking Orb of Zot lies far below, as if waiting for you to find it.
Press ? for a list of commands and other information.
Found a stone staircase leading down.
Really read
c - a scroll of magic mapping {!r}?
As you read the scroll of magic mapping {!r}, it crumbles to dust.
You feel aware of your surroundings.
You sensed 1 shop/portal.
Unknown command.
Unknown command.
You can't go up here!
You climb downwards.
There is a stone staircase leading up here.
Unknown command.
Unknown command.
An adder comes into view.
You barely miss the adder. The adder barely misses you.
You miss the adder. The adder closely misses you.
You scratch the adder. The adder closely misses you. The adder misses you.
You scratch the adder but do no damage. The adder bites you. 😕 HP[-1]
You take 1 damage, and now have 18/19 hp.
You barely miss the adder. The adder bites you but does no damage.
You miss the adder. The adder bites you but does no damage.
You scratch the adder. The adder barely misses you.
You scratch the adder. The adder bites you. The adder misses you. 😕 HP[-3]
You take 3 damage, and now have 15/19 hp.
You scratch the adder. The adder barely misses you.
You scratch the adder.
You kill the adder!
Your Stealth skill increases to level 6!
You have reached level 2! 😕 HP[+5] MP[+1]
You now have 26 max hp (+7).
You regained 5 hp, and now have 20/26 hp.
Your mp is fully restored (1).
You start resting. 😎 HP[+6]
Your hp is fully restored (26).
You see here an adder corpse.
You now have 18 gold pieces.
A white imp and a skeleton come into view.
The white imp shouts, "Run away, thou peaked onion-eyed baggage!"
The white imp gestures at you. The puff of frost hits you. You resist. 😕 HP[-1]
You take 1 damage, and now have 25/26 hp.
You scratch the wyvern skeleton. The wyvern skeleton bites you. 😮 HP[-6]
You take 6 damage, and now have 19/26 hp.
MASSIVE DAMAGE!! (PAUSE)
The white imp gestures at you. The puff of frost hits you. You resist. 😮 HP[-2]
You take 2 damage, and now have 17/26 hp.
The wyvern skeleton barely misses you.
Okay, then.
As you read the scroll of fear, it crumbles to dust.
You assume a fearsome visage.
The wyvern skeleton is unaffected.
The white imp looks frightened!
The wyvern skeleton bites you!
Ouch! That really hurt!
* * * LOW HITPOINT WARNING * * *
The wyvern skeleton bites you!
You die...

Skill      XL: |  1 |
---------------+----+-----
Stealth        | 6 |  6.0
Fighting       | |  3.2
Dodging        | |  1.7
Unarmed Combat | |  2.1

Action                   || total
-------------------------++-------
Melee: Unarmed           ||    11
  Use: Scroll            ||     2
Armor: Leather armour    ||     2
Dodge: Dodged            ||     8

Levels and vault maps discovered:
D:5:      layout_cave_pools, serial_shops, shop_statue, minmay_crossroads,
          uniq_grinder
D:6:      layout_rooms, nicolae_uskayaw_dance_studio

Notes
Turn   | Place    | Note
-------+----------+-------------------------------------------
     0 | D:5      | spaghetti the Ghoul Delver began the quest for the Orb.
     0 | D:5      | Reached XP level 1. HP: 19/19 MP: 0/0
     0 | D:5      | magus.rc [v1.9.6]
    14 | D:6      | Reached skill level 6 in Stealth
    14 | D:6      | Reached XP level 2. HP: 20/26 MP: 1/1
   126 | D:6      | HP: 3/26 [wyvern skeleton (14)]
   126 | D:6      | Slain by a wyvern skeleton

Vanquished Creatures
  An adder (D:6)
1 creature vanquished.

Table legend:
 A = Non-vault XP
 B = Vault XP
 C = Vault XP percentage of total XP
 D = Non-vault monster count
 E = Vault monster count
 F = Vault count percentage of total count
                 A         B        C        D         E       F
            +---------+---------+-------+---------+---------+-------
      Total |      13 |       0 |   0.0 |       1 |       0 |   0.0
            +---------+---------+-------+---------+---------+-------
        D:6 |      13 |       0 |   0.0 |       1 |       0 |   0.0
            +---------+---------+-------+---------+---------+-------

Illustrated notes

Table legend:
 A = Kills in this place as a percentage of kills in entire the game.
 B = Kills by you in this place as a percentage of kills by you in the entire game.
 C = Kills by friends in this place as a percentage of kills by friends in the entire game.
 D = Other kills in this place as a percentage of other kills in the entire game.
 E = Experience gained in this place as a percentage of experience gained in the entire game.
 F = Experience gained in this place divided by the number of levels of this place that you have seen.
                   A       B       C       D       E      F
               +-------+-------+-------+-------+-------+----------------------
         Total | 100.0 | 100.0 |   N/A |   N/A | 100.0 |   6.5
       Dungeon | 100.0 | 100.0 |   N/A |   N/A | 100.0 |   6.5
               +-------+-------+-------+-------+-------+----------------------

Table legend: (Time is in decaauts)
 A = Elapsed time spent in this place.
 B = Non-inter-level travel time spent in this place.
 C = Inter-level travel time spent in this place.
 D = Time resting spent in this place.
 E = Time spent auto-exploring this place.
 F = Levels seen in this place.
 G = Mean time per level.
                   A        B        C        D        E       F      G
               +--------+--------+--------+--------+--------+-----+--------+
         Total |    125 |    125 |      0 |     65 |     41 |   2 |   62.5 |
       Dungeon |    125 |    125 |      0 |     65 |     41 |   2 |   62.5 |
               +--------+--------+--------+--------+--------+-----+--------+

Top non-repeatable levels by time:
     D:6: 123 daAuts
     D:5: 2 daAuts
